 Dungeon Crawl Stone Soup version 0.28-a0-724-g66f9036eb4 (webtiles) character file.

Game seed: 541832490168342339

30 AarnesTheHuman the Shield-Bearer (level 3, -2/29 HPs)
             Began as a Formicid Fighter on Oct 27, 2021.
             Succumbed to an adder's poison
             ... on level 2 of the Dungeon.
             The game lasted 00:01:56 (1348 turns).

AarnesTheHuman the Shield-Bearer (Formicid Fighter) Turns: 1348, Time: 00:01:56

Health: -2/29      AC:  7    Str: 21    XL:     3   Next: 37%
Magic:  3/3        EV:  9    Int:  7    God:
Gold:   52         SH:  4    Dex: 10    Spells: 2/2 levels left

rFire   . . .      SeeInvis +   a - +0 long sword
rCold   . . .      Faith    .   c - +0 buckler
rNeg    . . .      Spirit   .   b - +0 scale mail
rPois   .          Reflect  .   (helmet unavailable)
rElec   .          Harm     .   (no cloak)
rCorr   .          Rampage  .   (no gloves)
Will    .....                   (no boots)
Stlth   ..........              h - amulet of magic regeneration
HPRegen 0.09/turn               (no ring)
MPRegen 0.33/turn               (no ring)

@: lethally poisoned (-2 -> -9)
A: permanent stasis, dig shafts and tunnels, antennae 3, four strong arms
a: Dig, Shaft Self


You were on level 2 of the Dungeon.
You visited 1 branch of the dungeon, and saw 2 of its levels.

You collected 52 gold pieces.

Inventory:

Hand Weapons
 a - a +0 long sword (weapon)
Armour
 b - a +0 scale mail (worn)
 c - a +0 buckler (worn)
Jewellery
 h - an amulet of magic regeneration (around neck)
Scrolls
 e - a scroll of enchant armour {unknown}
 f - a scroll of fog {unknown}
 i - a scroll of fear {unknown}
Potions
 d - a potion of might
 g - 2 potions of curing {unknown}


   Skills:
 + Level 3.6 Fighting
 + Level 2.4 Long Blades
 + Level 3.7 Armour
 + Level 4.0 Shields


You had 2 spell levels left.
You didn't know any spells.
Your spell library contained the following spells:

 Spells                   Type           Power      Damage    Failure   Level
 Magic Dart               Conj           0%         1d3       77%         1
 Searing Ray              Conj           0%         2d4       88%         2
 Dazzling Flash           Conj/Hex       0%         N/A       98%         3
 Fulminant Prism          Conj/Hex       0%         3d6       100%        4
 Iskenderun's Mystic Bla  Conj/Tloc      0%         2d3       100%        4
 Starburst                Conj/Fire      0%         6d3       100%        6


Dungeon Overview and Level Annotations

Branches:
Dungeon (2/15)

Altars:
Xom


Innate Abilities, Weirdness & Mutations

You cannot be hasted, slowed, berserked, paralysed or teleported.
You can dig through walls and to a lower floor.
You have a pair of large antennae on your head. (SInv)
Your four strong arms can wield two-handed weapons with a shield.


Message History

The adder is lightly wounded.
The adder bites you but does no damage. x2
You miss the adder.
The adder is lightly wounded.
The adder bites you but does no damage. The adder barely misses you.
You closely miss the adder.
The adder is lightly wounded.
You block the adder's attack.
You closely miss the adder.
The adder is lightly wounded.
The adder bites you but does no damage. The adder closely misses you.
You closely miss the adder.
The adder is lightly wounded.
The adder bites you.
* * * LOW HITPOINT WARNING * * *
The adder bites you.
* * * LOW HITPOINT WARNING * * *
You miss the adder.
The adder is lightly wounded.
The adder bites you but does no damage.
You barely miss the adder.
The adder is lightly wounded.
The adder barely misses you. The adder closely misses you.
You hit the adder.
The adder is severely wounded.
The adder bites you.
* * * LOW HITPOINT WARNING * * *
The adder barely misses you.
You closely miss the adder.
The adder is severely wounded.
The adder barely misses you.
You barely miss the adder.
The adder is severely wounded.
The adder bites you.
* * * LOW HITPOINT WARNING * * *
You are lethally poisoned!
The adder poisons you! You block the adder's attack.
You closely miss the adder.
The adder is severely wounded.
You die...

####.....#.....(.<.......
.....#.#.#..##.#######...
####.#..(......# ##
#.###.#.....#
.###.........### ###
≈....###.##..# .. ≈≈≈..#
##...#### b# ≈≈≈≈.#
#≈≈≈≈≈≈##S# ≈≈≈≈.#
#...####@.##### ≈≈≈≈##
##..............
≈≈≈≈########.###..######
#≈≈≈#........# #..#
##≈≈########## #..# #..#
#..# [..# ..#


You could see an adder and a bat.

Vanquished Creatures
  3 ball pythons (D:1)
  5 endoplasms
  2 giant cockroaches (D:1)
  2 goblins (D:1)
  A hobgoblin (D:2)
  3 jackals (D:2)
  2 quokkas (D:1)
  2 bats (D:1)
  A frilled lizard (D:1)
  5 kobolds (D:1)
  2 rats (D:1)
28 creatures vanquished.

Notes
Turn   | Place    | Note
-------+----------+-------------------------------------------
     0 | D:1      | AarnesTheHuman the Formicid Fighter began the quest for the
                  | Orb.
     0 | D:1      | Reached XP level 1. HP: 18/18 MP: 1/1
    80 | D:1      | Reached XP level 2. HP: 11/24 MP: 2/2
   809 | D:1      | Reached XP level 3. HP: 29/29 MP: 3/3
   858 | D:1      | Reached skill level 4 in Shields
  1139 | D:2      | Found a shimmering altar of Xom.
  1347 | D:2      | HP: 1/29 [adder (4)]
  1348 | D:2      | Succumbed to an adder's poison

Illustrated notes

Levels and vault maps discovered:
D:1:      minmay_arrival_solitary_statue, layout_loops_ring
D:2:      layout_loops_ring, basic_altar, serial_rivers,
          chequers_serial_rivers_micro_e, chequers_serial_rivers_micro_b,
          chequers_serial_rivers_large_a, chequers_serial_rivers_micro_d,
          grunt_decor_mini_mirrors, kennysheep_generic_room_8

Skill      XL: |  1  2  3 |
---------------+----------+-----
Shields        | 4 |  4.0
Fighting       | |  3.6
Long Blades    | |  2.4
Armour         | |  3.7

Action                   || total
-------------------------++-------
Melee: Long sword        ||   101
Armor: Scale mail        ||    48
Dodge: Dodged            ||    34
Block: Buckler           ||    20

Table legend: (Time is in decaauts)
 A = Elapsed time spent in this place.
 B = Non-inter-level travel time spent in this place.
 C = Inter-level travel time spent in this place.
 D = Time resting spent in this place.
 E = Time spent auto-exploring this place.
 F = Levels seen in this place.
 G = Mean time per level.
                   A        B        C        D        E       F      G
               +--------+--------+--------+--------+--------+-----+--------+
         Total |   1383 |   1366 |     17 |      0 |   1125 |   2 |  691.5 |
       Dungeon |   1383 |   1366 |     17 |      0 |   1125 |   2 |  691.5 |
               +--------+--------+--------+--------+--------+-----+--------+

Top non-repeatable levels by time:
     D:1: 1036 daAuts
     D:2: 347 daAuts
